General information
- name: BNet
- type: Ladder team game (AT/RT)
- host: Battle.net
- saver: RandomInteger
map: TidewaterGlades
- players: 4
- length: 17:22
- speed: Fast
- version: 1.24 W3XP
- replay type: Public
» download(105 KB)
Players
team 1 (loser)
Core-Player1 (
blue | 99 APM | 1716 actions | 17:21)
3 Blademaster
2 Wind Walk
1 Critical Strike
2 Tauren Chieftain
1 War Stomp
1 Endurance Aura
» actions
| Assign group hotkey | 20 | |
| Basic commands | 95 | |
| Build / train | 67 | |
| ESC pressed | 1 | |
| Enter build submenu | 20 | |
| Enter hero's abilities submenu | 5 | |
| Give item / drop item | 3 | |
| Right click | 638 | |
| Select / deselect | 223 | |
| Select group hotkey | 526 | |
| Use ability | 118 | |
1716 total
» units
» upgrades
| Armor | 1 | |
| Berserker Strength | 1 | |
| Shaman Training | 3 | |
| Ensnare | 1 | |
| Pulverize | 1 | |
7 total
» buildings
| Altar of Storms | 1 | |
| Orc Burrow | 8 | |
| Barracks | 1 | |
| Voodoo Lounge | 1 | |
| Stronghold | 1 | |
| War Mill | 1 | |
| Spirit Lodge | 1 | |
| Beastiary | 1 | |
| Fortress | 1 | |
| Watch Tower | 3 | |
| Tauren Totem | 1 | |
20 total
» build order
00:10 Altar of Storms
00:19 Orc Burrow
00:38 Barracks
01:31 Voodoo Lounge
01:55 Orc Burrow
03:09 Stronghold
03:13 War Mill
03:29 Orc Burrow
05:39 Spirit Lodge
06:18 Beastiary
06:20 Fortress
06:36 Watch Tower
07:34 Orc Burrow
09:36 Watch Tower
09:36 Watch Tower
09:59 Orc Burrow
11:49 Tauren Totem
13:22 Orc Burrow
15:26 Orc Burrow
15:28 Orc Burrow
» items
| Healing Salve | 3 | |
| Boots of Speed | 2 | |
| Orb of Lightning | 1 | |
| Potion of Healing | 1 | |
| Scroll of Regeneration | 1 | |
| Scroll of Healing | 6 | |
14 total
JnD_J (
red | 156 APM | 2701 actions | 17:17)
3 Archmage
2 Summon Water Elemental
1 Brilliance Aura
2 Mountain King
1 Storm Bolt
1 Bash
1 Paladin
1 Holy Light
» actions
| Assign group hotkey | 49 | |
| Basic commands | 396 | |
| Build / train | 65 | |
| ESC pressed | 1 | |
| Enter build submenu | 17 | |
| Enter hero's abilities submenu | 6 | |
| Right click | 717 | |
| Select / deselect | 554 | |
| Select group hotkey | 837 | |
| Use ability | 59 | |
2701 total
» units
| Peasant | 12 | |
| Footman | 9 | |
| Rifleman | 11 | |
| Priest | 5 | |
| Sorceress | 2 | |
| Mortar Team | 1 | |
| Spell Breaker | 2 | |
42 total
» upgrades
| Gunpowder | 2 | |
| Armor | 2 | |
| Long Rifles | 1 | |
| Flare | 1 | |
6 total
» buildings
| Altar of Kings | 1 | |
| Barracks | 1 | |
| Farm | 9 | |
| Scout Tower | 1 | |
| Arcane Tower | 1 | |
| Keep | 1 | |
| Blacksmith | 1 | |
| Arcane Vault | 1 | |
| Arcane Sanctum | 1 | |
| Workshop | 1 | |
| Castle | 1 | |
| Town Hall | 1 | |
20 total
» build order
00:07 Altar of Kings
00:20 Barracks
00:36 Farm
00:50 Farm
01:30 Scout Tower
01:57 Arcane Tower
02:54 Keep
03:27 Blacksmith
03:29 Farm
04:27 Arcane Vault
05:30 Farm
05:34 Farm
06:18 Farm
06:20 Arcane Sanctum
07:08 Farm
11:21 Workshop
11:23 Castle
11:33 Farm
13:21 Farm
16:47 Town Hall
» items
team 2 (winner)

»
buckets- (
purple | 68 APM | 1182 actions | 17:22)
4 Shadow Hunter
2 Serpent Ward
2 Healing Wave
3 Pandaren Brewmaster
2 Breath of Fire
1 Drunken Haze
» actions
| Basic commands | 25 | |
| Build / train | 56 | |
| Enter build submenu | 15 | |
| Enter hero's abilities submenu | 7 | |
| Give item / drop item | 1 | |
| Right click | 697 | |
| Select / deselect | 270 | |
| Use ability | 111 | |
1182 total
» units
| Peon | 12 | |
| Grunt | 12 | |
| Raider | 4 | |
| Spirit Walker | 4 | |
| Wind Rider | 1 | |
| Tauren | 1 | |
34 total
» upgrades
| Ensnare | 1 | |
| Spirit Walker Training | 2 | |
| Armor | 1 | |
| Reinforced Defenses | 1 | |
| Pulverize | 1 | |
6 total
» buildings
| Altar of Storms | 1 | |
| Orc Burrow | 6 | |
| Barracks | 1 | |
| Voodoo Lounge | 1 | |
| Stronghold | 1 | |
| War Mill | 1 | |
| Spirit Lodge | 1 | |
| Beastiary | 1 | |
| Fortress | 1 | |
| Tauren Totem | 3 | |
17 total
» build order
00:11 Altar of Storms
00:15 Orc Burrow
00:35 Barracks
01:36 Orc Burrow
02:11 Voodoo Lounge
03:41 Stronghold
04:22 Orc Burrow
05:14 War Mill
07:08 Spirit Lodge
07:12 Beastiary
07:22 Orc Burrow
08:25 Fortress
11:32 Tauren Totem
13:15 Tauren Totem
13:31 Tauren Totem
16:07 Orc Burrow
16:09 Orc Burrow
» items
| Healing Salve | 2 | |
| Lesser Clarity Potion | 3 | |
5 total

»
RandomInteger (
green | 91 APM | 1574 actions | 17:22)
5 Pit Lord
3 Rain of Fire
2 Cleaving Attack
2 Dreadlord
1 Carrion Swarm
1 Vampiric Aura
3 Lich
2 Frost Nova
1 Dark Ritual
» actions
| Assign group hotkey | 180 | |
| Basic commands | 175 | |
| Build / train | 49 | |
| ESC pressed | 1 | |
| Enter build submenu | 16 | |
| Enter hero's abilities submenu | 10 | |
| Give item / drop item | 3 | |
| Right click | 302 | |
| Select / deselect | 271 | |
| Select group hotkey | 446 | |
| Use ability | 118 | |
1574 total
» units
| Acolyte | 3 | |
| Ghoul | 3 | |
| Crypt Fiend | 6 | |
| Obsidian Statue | 5 | |
17 total
» upgrades
| Creature Attack | 2 | |
| Creature Carapace | 1 | |
| Burrow | 1 | |
| Destroyer Form | 1 | |
5 total
» buildings
| Crypt | 1 | |
| Ziggurat | 6 | |
| Graveyard | 1 | |
| Altar of Darkness | 1 | |
| Tomb of Relics | 1 | |
| Halls of the Dead | 2 | |
| Nerubian Tower | 1 | |
| Slaughterhouse | 2 | |
| Black Citadel | 2 | |
17 total
» build order
00:11 Crypt
00:14 Ziggurat
00:42 Graveyard
01:10 Altar of Darkness
01:17 Tomb of Relics
01:44 Ziggurat
03:42 Halls of the Dead
03:44 Nerubian Tower
04:08 Halls of the Dead
04:54 Ziggurat
05:30 Ziggurat
07:00 Slaughterhouse
08:26 Black Citadel
08:27 Black Citadel
11:30 Slaughterhouse
11:34 Ziggurat
11:36 Ziggurat
» items
| Rod of Necromancy | 2 | |
| Healing Salve | 1 | |
| Lesser Clarity Potion | 1 | |
| Scroll of Speed | 1 | |
| Scroll of Town Portal | 1 | |
| Scroll of Healing | 1 | |
| Orb of Corruption | 1 | |
8 total
Chat log
(00:04 / Allies) RandomInteger: gay
(00:05 / Allies) RandomInteger: UD
(00:25 / Allies) RandomInteger: you want 2?
(00:27 / Allies) RandomInteger: SH?
(00:28 / Allies) buckets-: should i get sh?
(00:30 / Allies) RandomInteger: yeah
(00:45 / Allies) buckets-: dont know what urs is
(00:46 / Allies) RandomInteger: CL is rather not unique
(00:59 / Allies) RandomInteger: obviously go wards
(01:00 / Allies) buckets-: yea just good for creeping
(01:02 / Allies) RandomInteger: to make it more fun
(01:03 / Allies) buckets-: lol
(01:32 / Allies) RandomInteger: lol goal for this game
(01:40 / Allies) RandomInteger: get a surround completed with wards
(01:46 / Allies) buckets-: lol
(01:56 / Allies) RandomInteger: my pers. fav. I got a POTM once with gargs
(02:06 / Allies) buckets-: lol wtf wow
(02:11 / Allies) RandomInteger: just landed around her mid air
(02:15 / Allies) RandomInteger: well it's not actually that hard
(02:22 / Allies) buckets-: if u have alot
(02:24 / Allies) RandomInteger: #2 would be DL :(
(02:30 / Allies) RandomInteger: yeah they get big too when they land
(02:44 / Allies) buckets-: gay bm at me
(02:49 / Allies) RandomInteger: Orc Hu
(02:56 / Allies) RandomInteger: they did't go creative heroes
(03:00 / Allies) RandomInteger: place wards do damage
(03:02 / Allies) RandomInteger: lol
(03:42 / Allies) RandomInteger: pl
(03:46 / Allies) buckets-: hmm
(03:50 / Allies) buckets-: aoe or terror?
(03:54 / Allies) RandomInteger: yeah
(04:11 / Allies) RandomInteger: Aoe
(05:02 / Allies) RandomInteger: least your orc
(05:05 / Allies) RandomInteger: so I can heal that way
(05:13 / Allies) RandomInteger: otherwise this would suck
(05:18 / Allies) buckets-: yea
(05:37 / Allies) RandomInteger: aoe isn't bad either
(06:16 / Allies) RandomInteger: got a foot with aoe
(06:19 / Allies) RandomInteger: that's right
(06:25 / Allies) RandomInteger: still can nuk
(06:40 / Allies) buckets-: ouch
(06:42 / Allies) buckets-: grunt dead
(06:44 / Allies) RandomInteger: ?
(06:50 / Allies) RandomInteger: noob
(06:51 / Allies) buckets-: i was buying my panda
(06:54 / Allies) RandomInteger: get those plz
(08:00 / Allies) RandomInteger: o
(08:09 / Allies) RandomInteger: hit
(08:10 / Allies) buckets-: heald ur hero
(08:17 / Allies) RandomInteger: lol why not
(08:38 / Allies) RandomInteger: wtf
(08:42 / Allies) RandomInteger: worst base ever
(10:24 / Allies) RandomInteger: haha
(10:30 / Allies) RandomInteger: tower
(10:43 / Allies) RandomInteger: good panda
(11:07 / Allies) RandomInteger: b
(11:15 / Allies) RandomInteger: lust
(11:22 / Allies) buckets-: got dispel
(11:26 / Allies) RandomInteger: I got it too
(11:30 / Allies) buckets-: cool
(11:43 / Allies) buckets-: his fod got wrecked
(11:45 / Allies) buckets-: food
(11:47 / Allies) RandomInteger: yeah terrible base
(12:04 / Allies) RandomInteger: tp?
(12:13 / Allies) RandomInteger: dispell
(13:12 / Allies) RandomInteger: lol
(13:45 / Allies) RandomInteger: nvm I got it
(13:50 / Allies) RandomInteger: tauren
(14:07 / Allies) RandomInteger: lol burrows
(14:09 / Allies) RandomInteger: or lack of
(15:36 / All) RandomInteger: gg
(15:41 / Allies) RandomInteger: PL SH not bad
(15:45 / Allies) RandomInteger: lol wards
(16:45 / Allies) RandomInteger: haha